 Dungeon Crawl Stone Soup version 0.23-a0-641-g0a7f1ce553 (webtiles) character file.

88 CheiIsBae the Slasher (level 4, -3/33 HPs)
             Began as a Demonspawn Gladiator on Dec 30, 2018.
             Slain by a gnoll
             ... wielding a +0 spear
              (8 damage)
             ... on level 2 of the Dungeon.
             The game lasted 00:01:33 (1239 turns).

CheiIsBae the Slasher (Demonspawn Gladiator)        Turns: 1239, Time: 00:01:34

Health: -3/33      AC: 11    Str: 15    XL:     4   Next: 29%
Magic:  4/4        EV:  7    Int: 10    God:
Gold:   105        SH:  0    Dex: 14    Spells: 3/3 levels left

rFire    . . .     SeeInvis .   a - +0 long sword
rCold    . . .     Gourm    .   (no shield)
rNeg     . . .     Faith    .   h - +0 chain mail
rPois    .         Spirit   .   c - +0 helmet
rElec    .         Reflect  .   (no cloak)
rCorr    .         Harm     .   (no gloves)
MR       .....                  (no boots)
Stlth    ..........             (no amulet)
HPRegen  0.11/turn              (no ring)
MPRegen  0.09/turn              (no ring)

@: no status effects
A: talons 1, icy blue scales 1
a: no special abilities


You were on level 2 of the Dungeon.
You were very hungry.

You visited 1 branch of the dungeon, and saw 2 of its levels.

You collected 105 gold pieces.

Inventory:

Hand Weapons
 a - a +0 long sword (weapon)
Armour
 c - a +0 helmet (worn)
 h - a +0 chain mail (worn)
Scrolls
 b - 3 scrolls of identify {unknown}
 e - 3 scrolls of teleportation {unknown}
 g - 2 scrolls of magic mapping {unknown}
 i - a scroll of enchant armour {unknown}
 j - a scroll of remove curse {unknown}
 n - a scroll of immolation {unknown}
Potions
 k - a potion of haste {unknown}
 l - a potion of mutation {unknown}
 m - a potion of flight {unknown}
Comestibles
 f - 4 rations


   Skills:
 - Level 2.0 Fighting
 * Level 4.1 Long Blades
 - Level 1.7 Throwing
 + Level 3.4 Dodging


You had 3 spell levels left.
You didn't know any spells.
Your spell library was empty.

Dungeon Overview and Level Annotations

Branches:
Dungeon (2/15)

Altars:
Qazlal


Innate Abilities, Weirdness & Mutations

You have sharp toenails.
You are partially covered in icy blue scales. (AC +2)


Message History

You hit the gnoll but do no damage.
The gnoll is moderately wounded.
The gnoll hits you but does no damage. x2
You hit the gnoll.
The gnoll is moderately wounded.
The gnoll hits you with a +0 spear.
* * * LOW HITPOINT WARNING * * *
You closely miss the gnoll. You claw the gnoll.
The gnoll is moderately wounded.
The gnoll hits you but does no damage.
You hit the gnoll. You claw the gnoll, but do no damage.
The gnoll is heavily wounded.
The gnoll hits you but does no damage.
You barely miss the gnoll.
The gnoll is heavily wounded.
The gnoll hits you but does no damage.
You barely miss the gnoll. You claw the gnoll.
The gnoll is severely wounded.
The gnoll hits you but does no damage. The gnoll hits you with a +0 spear!
You die...

....... ####. ..# #......#
#####..# ####### ..
#.#.....# .. #.#..?.[# #
########.#.....#####.#####
...............g@.........
....#####......#####.###..
.........+.....+ ..
........#......# ##
........#.######
.......##.# ####...##.# #
#...##.######. #
#รท............


You could see a gnoll.

Vanquished Creatures
  2 gnolls (D:2)
  2 adders (D:2)
  3 dart slugs (D:1)
  10 bats
  3 goblins (D:1)
  8 hobgoblins
  3 kobolds
  A ball python (D:2)
  5 frilled lizards
  8 rats
45 creatures vanquished.

Notes
Turn   | Place    | Note
-------+----------+-------------------------------------------
     0 | D:1      | CheiIsBae the Demonspawn Gladiator began the quest for the
                  | Orb.
     0 | D:1      | Reached XP level 1. HP: 16/16 MP: 1/1
   103 | D:1      | Reached skill level 3 in Long Blades
   165 | D:1      | Gained mutation: You have sharp toenails. [demonic
                  | ancestry]
   165 | D:1      | Reached XP level 2. HP: 19/22 MP: 2/2
   433 | D:1      | Reached XP level 3. HP: 18/27 MP: 3/3
   915 | D:2      | Found a stormy altar of Qazlal.
   929 | D:2      | Found a faded altar of an unknown god.
  1149 | D:2      | Reached skill level 4 in Long Blades
  1169 | D:2      | Gained mutation: You are partially covered in icy blue
                  | scales. (AC +2) [demonic ancestry]
  1169 | D:2      | Reached XP level 4. HP: 18/33 MP: 4/4
  1239 | D:2      | Slain by a gnoll

Vault maps used:
D:1:      minmay_arrival_doors, minmay_hexomino_c4
D:2:      chequers_ecumenical_altar_simple, grunt_qazlal_sundering

Skill      XL: |  1  2  3 |
---------------+----------+-----
Long Blades    | 3 4 |  4.1
Dodging        | 3 |  3.4
Fighting       | |  2.0
Throwing       | |  1.7

Action                   |  1- 3 |  4- 6 || total
-------------------------+-------+-------++-------
Melee: Long sword        |   101 |    11 ||   112
       Kick              |    31 |     4 ||    35
Throw: Throwing net      |     1 |     2 ||     3
Armor: Chain mail        |    87 |    11 ||    98
       Leather armour    |     2 |       ||     2
Dodge: Dodged            |    65 |     3 ||    68
       Rpst.: Long sword |    21 |     2 ||    23

Table legend:
 A = Non-vault XP
 B = Vault XP
 C = Vault XP percentage of total XP
 D = Non-vault monster count
 E = Vault monster count
 F = Vault count percentage of total count
                 A         B        C        D         E       F
            +---------+---------+-------+---------+---------+-------
      Total |     115 |      11 |   8.7 |      38 |       7 |  15.6
            +---------+---------+-------+---------+---------+-------
        D:1 |      45 |      11 |  19.6 |      24 |       7 |  22.6
        D:2 |      70 |       0 |   0.0 |      14 |       0 |   0.0
            +---------+---------+-------+---------+---------+-------
